 Dungeon Crawl Stone Soup version 0.26.1-11-gd32895ea62 (webtiles) character file.

Game seed: 14103919623318568726

442 Zeld the Chucker (level 7, -8/46 HPs)
             Began as an Octopode Fighter on May 11, 2021.
             Mangled by Crazy Yiuf
             ... wielding a +4 quarterstaff of chaos
              (21 damage)
             ... on level 3 of the Dungeon.
             The game lasted 00:03:30 (4591 turns).

Zeld the Chucker (Octopode Fighter)                 Turns: 4591, Time: 00:03:31

Health: -8/46      AC:  1    Str: 17    XL:     7   Next: 2%
Magic:  13/13      EV: 11    Int: 10    God:
Gold:   132        SH:  9    Dex: 12    Spells: 14/14 levels left

rFire    . . .     SeeInvis .   a - +0 war axe
rCold    . . .     Faith    .   b - +0 kite shield
rNeg     . . .     Spirit   .   (helmet restricted)
rPois    .         Reflect  .   (no amulet)
rElec    .         Harm     .   (no ring)
rCorr    .         Rampage  .   (no ring)
Will     .....                  (no ring)
Stlth    ++........             (no ring)
HPRegen  0.15/turn              (no ring)
MPRegen  0.13/turn              (no ring)
                                (no ring)
                                (no ring)

@: no status effects
A: almost no armour, stealthy swim, amphibious, 8 rings, constrict 8, camouflage
1, gelatinous body 1
a: no special abilities


You were on level 3 of the Dungeon.
You visited 1 branch of the dungeon, and saw 3 of its levels.

You collected 132 gold pieces.

Inventory:

Hand Weapons
 a - a +0 war axe (weapon)
Missiles
 f - 25 poisoned darts (quivered)
Armour
 b - a +0 kite shield (worn)
Jewellery
 e - an uncursed ring of protection from fire {unknown}
 s - an uncursed amulet of guardian spirit {unknown}
 v - a +4 ring of protection {unknown}
 x - a +6 ring of strength {unknown}
Wands
 c - a wand of random effects (12)
 m - a wand of polymorph (4)
Scrolls
 g - 3 scrolls of teleportation {unknown}
 h - a scroll of enchant weapon {unknown}
 k - a scroll of amnesia {unknown}
 l - 3 scrolls of remove curse {unknown}
 n - 3 scrolls of identify {unknown}
 o - 2 scrolls of noise {unknown}
 p - a scroll of immolation {unknown}
 w - a scroll of blinking {unknown}
Potions
 d - a potion of magic {unknown}
 i - a potion of invisibility {unknown}
 j - a potion of haste {unknown}
 q - 3 potions of flight {unknown}
 r - 2 potions of lignification {unknown}
 t - a potion of brilliance {unknown}
 u - a potion of heal wounds {unknown}
 z - 2 potions of attraction {unknown}


   Skills:
 - Level 3.3 Fighting
 - Level 2.4 Axes
 * Level 4.4 Throwing
 - Level 3.0 Dodging
 - Level 3.3 Shields
 * Level 4.0 Spellcasting


You had 14 spell levels left.
You didn't know any spells.
Your spell library was empty.

Dungeon Overview and Level Annotations

Branches:
Dungeon (3/15)

Altars:
Makhleb
Xom
The Shining One

Annotations:
D:3 Crazy Yiuf


Innate Abilities, Weirdness & Mutations

You cannot wear most types of armour.
You are very stealthy in the water. (Stealth+)
You are amphibious.
You can wear up to eight rings at the same time.
You can use your tentacles to constrict eight enemies at once.
Your skin changes colour to match your surroundings (Stealth+).
Your rubbery body absorbs attacks. (AC +1, EV +1)


Message History

You block Crazy Yiuf's attack.
You slash Crazy Yiuf! You grab Crazy Yiuf.
Crazy Yiuf is heavily wounded.
You constrict Crazy Yiuf. You block Crazy Yiuf's attack.
You release your grip on Crazy Yiuf.
Crazy Yiuf says, "Shower hand mumblescurry!"
Press: ? - help, v - describe, . - travel
Here: Crazy Yiuf, wielding a +4 quarterstaff of chaos, wearing a +1 cloak of poison resistance and carrying a wand of random effects (22) (severely wounded, strong)
The floor.
Unknown command.
You closely miss Crazy Yiuf. You grab Crazy Yiuf.
Crazy Yiuf is severely wounded.
You constrict Crazy Yiuf, but do no damage.
Crazy Yiuf grits, "Buddy arga meccalolo!"
Crazy Yiuf hits you with a +4 quarterstaff of chaos!!
Ouch! That really hurt!
Crazy Yiuf freezes you!
* * * LOW HITPOINT WARNING * * *
Crazy Yiuf hits you with a +4 quarterstaff of chaos!!
You die...

..................# #.#
##.## #
.##.######........# #.#
#...###
<##.........####### ###
##..... .##########.#
#..### .# #.# #..... .#
#.#### ### ###### .#
########.#..## ###..)# #
##
#............####.'(..# #
#.#.####.....@#..##...# #
#.#.# ###...#g### ### #
#.#.# ####### ######
####.#.##### #.....
..##.#.....###### ###
###### #......###.##.#.#
#.# #......###.##.#.# #.#
#....†...#.##.#.#######.#
#......#.#............#.#


You could see Crazy Yiuf (strong).

Vanquished Creatures
  Sigmund (D:2)
  An orc priest (D:2)
  Natasha (thrice) (D:3)
  An orc wizard (D:3)
  A worker ant (D:3)
  4 adders
  3 oozes (D:1)
  A worm (D:3)
  2 dart slugs
  3 leopard geckos
  3 orcs (D:3)
  2 giant cockroaches
  11 goblins
  13 hobgoblins
  4 jackals (D:1)
  A quokka (D:3)
  6 bats
  4 frilled lizards
  8 kobolds
  9 rats
81 creatures vanquished.

Notes
Turn   | Place    | Note
-------+----------+-------------------------------------------
     0 | D:1      | Zeld the Octopode Fighter began the quest for the Orb.
     0 | D:1      | Reached XP level 1. HP: 16/16 MP: 1/1
   186 | D:1      | Reached XP level 2. HP: 16/21 MP: 2/2
   461 | D:1      | Reached XP level 3. HP: 26/26 MP: 3/3
   663 | D:1      | Reached skill level 1 in Throwing
   796 | D:1      | Reached skill level 1 in Spellcasting
  1351 | D:2      | Found a shimmering altar of Xom.
  1379 | D:2      | Reached XP level 4. HP: 31/31 MP: 4/6
  1463 | D:2      | Found a glowing golden altar of the Shining One.
  1657 | D:2      | Noticed Sigmund
  1876 | D:2      | Killed Sigmund
  1877 | D:2      | Reached XP level 5. HP: 23/36 MP: 6/9
  1877 | D:2      | Reached XP level 6. HP: 27/42 MP: 6/10
  2204 | D:2      | Found a burning altar of Makhleb.
  2874 | D:3      | Noticed Natasha
  2877 | D:3      | Killed Natasha
  3206 | D:3      | Noticed Natasha
  3214 | D:3      | Killed Natasha
  4268 | D:3      | Noticed Natasha
  4277 | D:3      | Killed Natasha
  4278 | D:3      | Reached XP level 7. HP: 46/46 MP: 11/13
  4380 | D:3      | Found a runed translucent door.
  4381 | D:3      | Noticed Crazy Yiuf
  4591 | D:3      | Mangled by Crazy Yiuf

Illustrated notes

Levels and vault maps discovered:
D:1:      wheals_arrival_linesprint, layout_basic
D:2:      layout_rooms, lemuel_crystal_altar, tso_metal_star, xom_butterflies,
          uniq_sigmund
D:3:      layout_loops_ring, uniq_natasha, uniq_crazy_yiuf_cottage

Skill      XL: |  1  2  3  4  5  6 |
---------------+-------------------+-----
Throwing       | 1 3 4 |  4.4
Spellcasting   | 1 3 4 |  4.0
Fighting       | |  3.3
Axes           | |  2.4
Dodging        | |  3.0
Shields        | |  3.3

Action                   |  1- 3 |  4- 6 |  7- 9 || total
-------------------------+-------+-------+-------++-------
Melee: War axe           |    68 |    85 |     5 ||   158
       Tentacles         |    10 |    10 |       ||    20
       Constrict         |    13 |    20 |     2 ||    35
Throw: Dart              |       |       |     1 ||     1
  Use: Potion            |       |     1 |       ||     1
 Stab: Sleeping          |     3 |     8 |     1 ||    12
       Distracted        |     1 |     1 |       ||     2
Armor: Skin              |     8 |     6 |       ||    14
Dodge: Dodged            |    32 |    32 |       ||    64
Block: Kite shield       |    31 |    35 |     3 ||    69
